 Dungeon Crawl Stone Soup version 0.28.0-1-gb440e238dd (webtiles) character file.

Game seed: 1099460912028240467

14524 fragbeetle the Cleaver (level 11, -10/99 HPs)
             Began as a Minotaur Monk on Feb 25, 2022.
             Was a Priest of Nemelex Xobeh.
             Mangled by an ettin (31 damage)
             ... on level 11 of the Dungeon.
             The game lasted 00:22:45 (14037 turns).

fragbeetle the Cleaver (Minotaur Monk)             Turns: 14037, Time: 00:22:45

Health: -10/99     AC: 15    Str: 19    XL:     11   Next: 89%
Magic:  17/17      EV: 26    Int:  7    God:    Nemelex Xobeh [***...]
Gold:   678        SH:  0    Dex: 20    Spells: 10/10 levels left

rFire   + + .      SeeInvis .   N - +5 war axe (freeze)
rCold   x . .      Faith    .   L - orb {light}
rNeg    . . .      Spirit   .   j - +0 fire dragon scales
rPois   .          Reflect  .   (helmet restricted)
rElec   .          Harm     .   (no cloak)
rCorr   .          Rampage  .   F - +1 pair of gloves
Will    .....                   h - +0 pair of boots
Stlth   +.........              b - amulet of the acrobat
HPRegen 0.26/turn               I - +6 ring of dexterity
MPRegen 0.15/turn               w - ring of flight

@: lethally poisoned (-10 -> -13), acrobatic, flying, slowed, glowing, very slow
A: horns 2, retaliatory headbutt
a: Renounce Religion, Draw Escape, Draw Destruction, Draw Summoning, Triple Draw


You were on level 11 of the Dungeon.
You worshipped Nemelex Xobeh.
Nemelex Xobeh was most pleased with you.
You visited 2 branches of the dungeon, and saw 13 of its levels.

You collected 678 gold pieces.

Inventory:

Hand Weapons
 r - a +1 hand axe of flaming
 u - a +0 arbalest
 G - a +5 trident
 N - a +5 war axe of freezing (weapon)
Missiles
 f - 35 poisoned darts (quivered)
 i - 40 sling bullets
 E - 71 bolts
 T - a curare-tipped dart
Armour
 h - a +0 pair of boots (worn)
 j - +0 fire dragon scales (worn)
 C - a +0 kite shield
 F - a +1 pair of gloves (worn)
 L - an orb of light (worn)
Jewellery
 b - an amulet of the acrobat (around neck)
 c - a ring of ice
 k - a +6 ring of intelligence
 w - a ring of flight (right hand)
 I - a +6 ring of dexterity (left hand)
 J - a ring of willpower
Wands
 m - a wand of charming (5)
 n - a wand of digging (7)
 U - a wand of polymorph (3)
 V - a wand of iceblast (4)
Scrolls
 a - 5 scrolls of teleportation
 o - 5 scrolls of fog
 q - a scroll of brand weapon
 t - a scroll of fear {unknown}
 x - a scroll of silence {unknown}
 y - a scroll of amnesia {unknown}
 B - 2 scrolls of holy word {unknown}
 D - a scroll of blinking {unknown}
 H - a scroll of magic mapping {unknown}
 K - a scroll of enchant weapon {unknown}
 P - 2 scrolls of torment {unknown}
 Q - a scroll of noise {unknown}
 S - a scroll of enchant armour {unknown}
Potions
 d - 4 potions of heal wounds
 e - 2 potions of lignification
 g - 3 potions of haste
 l - a potion of resistance {unknown}
 p - a potion of brilliance {unknown}
 s - 4 potions of curing
 v - 2 potions of magic {unknown}
 z - 5 potions of ambrosia {unknown}
 A - 2 potions of attraction {unknown}
 M - a potion of berserk rage {unknown}
 O - 2 potions of mutation {unknown}
 R - 2 potions of invisibility {unknown}


   Skills:
 - Level 10.0 Fighting
 - Level 10.0 Axes
 - Level 10.0 Crossbows
 - Level 10.0 Armour
 - Level 3.2 Dodging
 - Level 1.5 Stealth
 - Level 10.0 Invocations
 + Level 2.6 Evocations


You had 10 spell levels left.
You didn't know any spells.
Your spell library contained the following spells:

 Spells                   Type           Power      Damage    Failure   Level
 Fulminant Prism          Conj/Hex       0%         3d6       100%        4
 Iskenderun's Mystic Bla  Conj/Tloc      0%         2d3       100%        4
 Summon Ice Beast         Ice/Summ       0%         N/A       100%        4
 Fireball                 Conj/Fire      0%         3d3       100%        5
 Lee's Rapid Deconstruct  Erth           0%         3d5*      100%        5
 Summon Mana Viper        Hex/Summ       0%         N/A       100%        5
 Starburst                Conj/Fire      0%         6d3       100%        6
 Monstrous Menagerie      Summ           0%         N/A       100%        7
 Ignition                 Fire           0%         3d3       100%        8


Dungeon Overview and Level Annotations

Branches:
Dungeon (12/15)            Temple (1/1) D:6            Lair (0/6) D:8
    Orc (0/2) D:11

Altars:
Ashenzari
Cheibriados
Dithmenos
Elyvilon
Fedhas
Gozag
Hepliaklqana
Kikubaaqudgha
Makhleb
Nemelex Xobeh
Okawaru
Qazlal
Ru
Sif Muna
Trog
Uskayaw
Vehumet
Wu Jian
Xom
Yredelemnul
Zin
The Shining One

Shops:
D:3 (   D:5 (   D:9 :

Annotations:
D:2 Sigmund


Innate Abilities, Weirdness & Mutations

You have a pair of horns on your head.
You reflexively headbutt those who attack you in melee.


Message History

You start resting.
HP restored.
You reach down and open the door.
A gargoyle, a death drake, a wizard, a howler monkey zombie, 2 acid dragons, 2 ugly things, a deep troll, a komodo dragon and a cyclops come into view.
The acid dragon roars!
The death drake hisses angrily.
The wizard shouts!
The acid dragon roars!
The purple ugly thing gurgles horribly!
The deep troll shouts!
The komodo dragon hisses angrily.
You hear an angry buzzing noise.
You hear a shout!
You hear an angry buzzing noise.
You hear a deafening roar!
You hear two shouts!
A centaur warrior zombie comes into view.
The death drake breathes miasma at you. The foul vapour misses you.
The purple ugly thing moves out of view.
You hear a roar!
You hear a deafening roar!
A killer bee comes into view.
You reach down and close the door.
You are engulfed in dark miasma.
You are poisoned.
You feel very sick.
The killer bee moves out of view.
You are engulfed in dark miasma.
You are more poisoned.
You feel yourself slow down.
You feel extremely sick.
You feel extremely sick.
A fire dragon comes into view.
You feel very sick.
The fire dragon roars deafeningly!
You hear an angry buzzing noise.
An unseen horror comes into view.
An ettin comes into view.
It is wielding a +0 dire flail and a +0 great mace.
The unseen horror hits you but does no damage.
You feel very sick. The unseen horror misses you.
You feel very sick.
You feel sick.
You feel sick.
The ettin hits you with a +0 dire flail!!!
* * * LOW HITPOINT WARNING * * *
The ettin hits you with a +0 great mace!!
You die...
Your body glows with a rainbow of weird colours and disappears.

♣ ♣♣.♣♣
#..# #.....
♣♣♣.♣♣♣♣♣♣
#♣.≈.♣##..#
#>....
.........♣
#.≈≈≈.##..#
#...##
.........♣
#.≈≈≈.##..#
#...# #+..♣
#.≈≈≈.#....
...##
#pD.9k#..♣
#.≈≈≈.#...#
....#


#.Zuy #..♣♣♣♣≈≈≈♣##..# ...## #.DT #....xC≈≈≈.# #...# #Zl #..♣♣♣♣@≈≈♣# #..## #C
#..♣ #.≈≈≈.# + #'..♣ #.≈≈≈.# .D...♣ #.≈≈≈.# ......♣ #.≈≈≈.# ♣.♣♣♣♣♣♣ #♣.≈.♣# ♣.
♣♣.♣♣ ##♣.♣###..# #.....#.... You could see an ettin and an unseen horror
(invisible).

Vanquished Creatures
  An ice dragon (D:8)
  3 two-headed ogres
  A boulder beetle (D:11)
  A centaur warrior (D:11)
  Pikel (D:6)
  An ugly thing (D:12)
  A manticore (D:11)
  A centaur zombie (D:10)
  A gargoyle (D:11)
  Psyche (D:12)
  2 kobold demonologists (D:10)
  A komodo dragon (D:8)
  An unseen horror (D:10)
  2 trolls
  A hornet (D:8)
  Prince Ribbit (D:6)
  2 wraiths
  A jumping spider (shapeshifter) (D:11)
  6 yaks
  Eustachio (D:6)
  A steam dragon (D:8)
  2 humans (D:8)
  An acid dragon (D:12)
  A water moccasin (D:9)
  2 ice beasts
  6 orc warriors
  3 sky beasts
  A black bear (D:4)
  A necrophage (D:6)
  5 centaurs
  2 phantoms
  3 ogres
  8 kobold brigands
  3 bullfrogs
  3 gnoll sergeants
  A scorpion (D:6)
  2 water moccasin skeletons
  11 killer bees
  5 wights (D:8)
  An electric eel (D:11)
  A bullfrog skeleton (D:4)
  2 jellies
  A centaur skeleton (D:6)
  4 orc priests (D:8)
  A gnoll shaman (D:5)
  4 hounds
  Ijyb (D:3)
  5 iguanas
  7 orc wizards
  A hound skeleton (D:4)
  A howler monkey zombie (D:11)
  3 adders
  20 gnolls
  A white imp (D:5)
  A worm (D:2)
  3 dart slugs
  32 orcs
  3 bats
  8 endoplasms
  4 giant cockroaches
  2 goblins (D:1)
  7 hobgoblins
  24 kobolds
  4 quokkas
  6 ball pythons
  4 frilled lizards
  4 rats
246 creatures vanquished.

Vanquished Creatures (others)
  An ogre (D:5)
  12 plants
13 creatures vanquished.

Grand Total: 259 creatures vanquished

Notes
Turn   | Place    | Note
-------+----------+-------------------------------------------
     0 | D:1      | fragbeetle the Minotaur Monk began the quest for the Orb.
     0 | D:1      | Reached XP level 1. HP: 19/19 MP: 0/0
   209 | D:1      | Reached XP level 2. HP: 24/26 MP: 1/1
   532 | D:1      | Reached skill level 5 in Axes
   676 | D:1      | Reached XP level 3. HP: 24/31 MP: 2/2
  1272 | D:2      | Found a faded altar of an unknown god.
  1822 | D:2      | Noticed Sigmund
  1864 | D:2      | Reached XP level 4. HP: 39/39 MP: 3/3
  2227 | D:3      | Found a broken altar of Ashenzari.
  2234 | D:3      | Noticed Ijyb
  2255 | D:3      | Killed Ijyb
  2256 | D:3      | Reached XP level 5. HP: 30/45 MP: 4/4
  2620 | D:3      | Found Fobba's Antique Weapon Shoppe.
  2712 | D:4      | Noticed a phantom
  2804 | D:4      | Killed a phantom
  2990 | D:4      | Noticed a sky beast
  3015 | D:4      | Killed a sky beast
  3016 | D:4      | Reached XP level 6. HP: 37/51 MP: 5/5
  3212 | D:4      | Noticed a sky beast
  3226 | D:4      | Killed a sky beast
  3233 | D:4      | Reached skill level 10 in Axes
  3233 | D:4      | Reached XP level 7. HP: 44/57 MP: 6/6
  3323 | D:4      | Found an opulent altar of Gozag.
  3584 | D:5      | Entered Level 5 of the Dungeon
  3742 | D:5      | Reached skill level 5 in Fighting
  3745 | D:5      | Found Fifaucuc's Weapon Shop.
  5009 | D:6      | Found an ornate altar of the Wu Jian Council.
  5110 | D:6      | Reached XP level 8. HP: 65/73 MP: 7/7
  5143 | D:6      | Noticed Pikel
  5170 | D:6      | Killed Pikel
  5382 | D:6      | Reached skill level 10 in Fighting
  5382 | D:6      | Reached skill level 1 in Armour
  5519 | D:6      | Noticed Prince Ribbit
  5526 | D:6      | Killed Prince Ribbit
  5731 | D:6      | Reached skill level 5 in Armour
  5731 | D:6      | Reached XP level 9. HP: 76/85 MP: 8/8
  5862 | D:6      | Noticed Eustachio
  6319 | D:6      | Killed Eustachio
  6429 | D:6      | Found a staircase to the Ecumenical Temple.
  6597 | Temple   | Entered the Ecumenical Temple
  7068 | Temple   | Became a worshipper of Nemelex Xobeh the Trickster
  7068 | Temple   | Reached * piety under Nemelex Xobeh
  7068 | Temple   | Received a gift from Nemelex Xobeh
  7068 | Temple   | Reached ** piety under Nemelex Xobeh
  7779 | D:7      | Reached skill level 1 in Invocations
  8060 | D:7      | Found a radiant altar of Vehumet.
  8538 | D:8      | Reached skill level 5 in Invocations
  8625 | D:8      | Found an iron altar of Okawaru.
  8936 | D:8      | Paralysed by a hornet for 2 turns
  8942 | D:8      | Reached XP level 10. HP: 52/93 MP: 13/13
  9278 | D:8      | Found a staircase to the Lair.
  9279 | D:8      | Noticed a fire dragon
  9282 | D:8      | Noticed an ice dragon
  9282 | D:8      | a fire dragon changed into an ice dragon
  9295 | D:8      | Killed an ice dragon
  9840 | D:8      | Received a gift from Nemelex Xobeh
 10331 | D:9      | Reached *** piety under Nemelex Xobeh
 10426 | D:9      | HP: 4/93 [poisoned by a killer bee]
 10830 | D:9      | Received a gift from Nemelex Xobeh
 10969 | D:9      | Reached skill level 10 in Invocations
 11093 | D:9      | Found Puepauni's Book Shop.
 11190 | D:10     | Entered Level 10 of the Dungeon
 11471 | D:10     | Received a gift from Nemelex Xobeh
 11514 | D:10     | Found a glowing silver altar of Zin.
 11559 | D:10     | Noticed a soul eater
 11610 | D:10     | Reached XP level 11. HP: 78/99 MP: 17/17
 11706 | D:10     | Reached skill level 5 in Crossbows
 12051 | D:10     | Found a snail-covered altar of Cheibriados.
 12061 | D:10     | Found a stormy altar of Qazlal.
 12132 | D:10     | Noticed a soul eater
 12333 | D:10     | You are sucked into a shaft and drop 2 floors!
 12396 | D:12     | Noticed a white ugly thing
 12408 | D:12     | Killed a red ugly thing
 12666 | D:12     | Noticed a two-headed ogre
 12677 | D:12     | Killed a two-headed ogre
 12697 | D:12     | Noticed Psyche
 12704 | D:12     | Killed Psyche
 12875 | D:12     | Noticed a tengu warrior
 12955 | D:11     | Noticed a two-headed ogre
 12962 | D:11     | Killed a two-headed ogre
 13217 | D:11     | Noticed a centaur warrior
 13217 | D:11     | Noticed a two-headed ogre
 13219 | D:11     | Identified the -1 hand axe of Kugaixta {venom, SInv Stlth+}
 13221 | D:11     | Noticed a boulder beetle
 13222 | D:11     | Killed a two-headed ogre
 13223 | D:11     | Reached skill level 10 in Crossbows
 13227 | D:11     | Killed a centaur warrior
 13229 | D:11     | Noticed an eight-headed hydra
 13232 | D:11     | Killed a boulder beetle
 13233 | D:11     | Reached skill level 10 in Armour
 13238 | D:11     | Reached **** piety under Nemelex Xobeh
 13238 | D:11     | Found a staircase to the Orcish Mines.
 13542 | D:11     | Reached skill level 1 in Evocations
 14029 | D:11     | Noticed a death drake
 14029 | D:11     | Noticed a wizard
 14029 | D:11     | Noticed a purple ugly thing
 14029 | D:11     | Noticed a cyan ugly thing
 14029 | D:11     | Noticed a deep troll
 14033 | D:11     | Noticed a fire dragon
 14033 | D:11     | Noticed an ettin
 14037 | D:11     | Mangled by an ettin

Illustrated notes

Levels and vault maps discovered:
D:1:      heliophobic_arrival_battle_scene, layout_basic,
          chequers_decorated_corner, minmay_misc_feat_room,
          minmay_tree_intersection
D:2:      layout_loops_corners, shapermc_ecumenical_altar_ellora, uniq_sigmund
D:3:      layout_rooms, ashenzari_altar_1, serial_shops, nicolae_shop_crystal,
          uniq_ijyb
D:4:      layout_rooms, nicolae_gozag_cash_rules_everything_around_me
D:5:      layout_loops_corners, serial_shops,
          nicolae_shop_temple_entry_statues_fountains
D:6:      layout_basic, nzn_wu_jian_council_hall, minmay_temple_entry_grid,
          uniq_pikel, uniq_prince_ribbit1, uniq_eustachio
D:7:      layout_basic, kennysheep_mini_moat
D:8:      cheibrodos_quashed, layout_loops_corners, okawaru_humans,
          minmay_lair_entry_lava, minivault_5, minmay_lizard_king
D:9:      layout_cave_pools, serial_shops, nicolae_shop_trees
D:10:     layout_basic, nicolae_overflow_hidden_temple,
          mainiacjoe_overflow_big_doors
D:11:     nzn_winding_woodlands_large [nzn_winding_woodlands_5x5_open_star,
          nzn_winding_woodlands_5x15_pathside_ponds,
          nzn_winding_woodlands_5x5_cross,
          nzn_winding_woodlands_center_diamonds,
          nzn_winding_woodlands_15x15_killbox,
          nzn_winding_woodlands_center_triple_pond,
          nzn_winding_woodlands_5x5_perimeter,
          nzn_winding_woodlands_5x15_river_crossing,
          nzn_winding_woodlands_5x5_three], layout_small_grid,
          nicolae_two_hexagons, lemuel_zombie_altar_kikubaaqudgha
D:12:     layout_loops_corners, uniq_psyche
Temple:   eino_temple_water

Skill      XL: |  1  2  3  4  5  6  7  8  9 10 11 |
---------------+----------------------------------+-----
Axes           | 4 5 7 8 10 | 10.0
Fighting       | 7 10 | 10.0
Armour         | 5 8 10 | 10.0
Invocations    | 6 10 | 10.0
Crossbows      | 4 10 | 10.0
Evocations     | 2 |  2.6
Dodging        | |  3.2
Stealth        | |  1.5

Action                   |  1- 3 |  4- 6 |  7- 9 | 10-12 || total
-------------------------+-------+-------+-------+-------++-------
Melee: Hand axe          |   109 |   121 |    62 |       ||   292
       Headbutt          |    17 |    16 |    44 |    78 ||   155
       Punch             |     1 |     2 |     6 |       ||     9
       Flail             |       |       |   193 |    35 ||   228
       War axe           |       |       |       |   202 ||   202
       Trident           |       |       |       |    13 ||    13
Throw: Dart              |       |       |     8 |       ||     8
       Throwing net      |       |       |     1 |       ||     1
Invok: Draw Destruction  |       |       |       |     8 ||     8
       Draw Summoning    |       |       |       |     4 ||     4
Evoke: Wand              |       |       |     1 |     4 ||     5
  Use: Scroll            |       |       |     2 |     6 ||     8
       Potion            |       |       |       |     1 ||     1
 Stab: Sleeping          |     4 |       |       |       ||     4
       Distracted        |       |       |       |     1 ||     1
Armor: Robe              |     9 |       |       |       ||     9
       Chain mail        |    27 |    57 |   177 |       ||   261
       Fire dragon scale |       |       |       |   103 ||   103
       Ring mail         |       |       |       |     3 ||     3
Dodge: Dodged            |    39 |    36 |   136 |   206 ||   417
